 Dungeon Crawl Stone Soup version 0.29.1-2-gbd0b4ee654 (webtiles) character file.

Game seed: 10004479827271778706

48 mcbry74 the Firebug (level 3, 0/26 HPs)
             Began as a Hill Orc Fire Elementalist on Oct 25, 2022.
             Slain by an adder (4 damage)
             ... on level 2 of the Dungeon on Oct 27, 2022.
             The game lasted 00:07:32 (2029 turns).

mcbry74 the Firebug (Hill Orc Fire Elementalist)    Turns: 2029, Time: 00:07:32

Health: 0/26       AC:  2    Str:  9 (10) XL:     3   Next: 72%
Magic:  2/5        EV: 11    Int: 16 (17) God:
Gold:   29         SH:  4    Dex: 16 (17) Spells: 2/5 levels left

rFire   . . .      SeeInvis .   c - +0 dagger
rCold   . . .      Faith    .   d - +0 buckler
rNeg    . . .      Spirit   .   a - +0 robe
rPois   .          Reflect  .   (no helmet)
rElec   .          Harm     .   (no cloak)
rCorr   +          Rampage  .   (no gloves)
Will    .....                   (no boots)
Stlth   ++........              (no amulet)
HPRegen 0.08/turn               h - +6 ring of dexterity
MPRegen 0.09/turn               l - ring of resist corrosion

@: lethally poisoned (0 -> -2)
A: no striking features
a: no special abilities


You were on level 2 of the Dungeon.
You visited 1 branch of the dungeon, and saw 2 of its levels.

You collected 29 gold pieces.

Inventory:

Hand Weapons
 c - a +0 dagger (weapon)
Armour
 a - a +0 robe (worn)
 d - a +0 buckler (worn)
Jewellery
 h - a +6 ring of dexterity (left hand)
 l - a ring of resist corrosion (right hand)
Scrolls
 e - a scroll of teleportation {unknown}
 f - a scroll of identify {unknown}
 g - a scroll of magic mapping {unknown}
 m - a scroll of enchant weapon {unknown}
Potions
 b - a potion of magic
 j - a potion of attraction {unknown}
 k - a potion of curing {unknown}


   Skills:
 - Level 1.5 Dodging
 - Level 1.5 Stealth
 - Level 1.0 Shields
 - Level 1.5 Spellcasting
 + Level 1.9 Conjurations
 * Level 4.4 Fire Magic


You had 2 spell levels left.
You knew the following spells:

 Your Spells              Type           Power      Damage    Failure   Level
a - Foxfire               Conj/Fire      44%        2x1d6     8%          1
b - Scorch                Fire           30%        2d6       7%          2

Your spell library contained the following spells:

 Spells                   Type           Power      Damage    Failure   Level
 Conjure Flame            Conj/Fire      11%        6-21      24%         3
 Inner Flame              Hex/Fire       8%         N/A       34%         3
 Flame Wave               Conj/Fire      11%        2d6       61%         4


Dungeon Overview and Level Annotations

Branches:
Dungeon (2/15)

Altars:

Shops:
D:1 =


Message History

You closely miss the adder.
You feel sick. The bat barely misses you. You block the adder's attack.
You miss the adder.
You feel sick.
You are no longer poisoned.
The bat closely misses you. The adder misses you.
You hit the adder.
The adder is lightly wounded.
The adder barely misses you. The bat hits you but does no damage.
The adder barely misses you.
You hit the adder.
The adder is moderately wounded.
The bat hits you but does no damage. The bat misses you. The adder bites you.
You are poisoned.
The adder poisons you!
You barely miss the adder.
The adder is moderately wounded.
You feel sick. The bat hits you but does no damage.
The adder completely misses you. The bat hits you but does no damage.
You block the adder's attack.
You hit the adder.
The adder is heavily wounded.
You feel sick. The bat barely misses you. The bat closely misses you.
The adder closely misses you.
You barely miss the adder.
The adder is heavily wounded.
You feel sick. The bat barely misses you. You block the bat's attack.
The adder barely misses you.
You hit the adder.
The adder is severely wounded.
You feel sick.
You are no longer poisoned.
The bat closely misses you. The adder bites you.
* * * LOW HITPOINT WARNING * * *
You are poisoned.
The adder poisons you! You block the adder's attack.
It was a potion of degeneration.
There was something very wrong with that liquid.
You feel weakened.
You feel dopey.
You feel clumsy.
You feel sick. The bat barely misses you. The adder bites you.
You die...

...... ...... ##. #.
#####. .... ... #. ....
#.# #. ... #########.# #.
###.###......##.########.
#...†...####.##..... ..##
#.####.†S@.##.##..# #.##
#...)#..b#........#####.##
#....####.#...........
#.##..# #.#.#.##.##... #..
#.... ..#.#.##.##..# ##
#.#.#####.#......... ..#.#
#.#.##.##.## ....#
#.#.##.##.# ..###
#......##..


You could see an adder and a bat.

Vanquished Creatures
  An adder (D:2)
  A worm (D:2)
  2 dart slugs (D:1)
  4 ball pythons
  2 endoplasms (D:1)
  2 giant cockroaches
  4 goblins (D:1)
  2 hobgoblins
  2 quokkas (D:2)
  3 bats
  A frilled lizard (D:1)
  6 kobolds
  3 rats (D:2)
33 creatures vanquished.

Vanquished Creatures (others)
  52 foxfires
52 creatures vanquished.

Grand Total: 85 creatures vanquished

Notes
Turn   | Place    | Note
-------+----------+-------------------------------------------
     0 | D:1      | mcbry74 the Hill Orc Fire Elementalist began the quest for
                  | the Orb.
     0 | D:1      | Reached XP level 1. HP: 14/14 MP: 3/3
   335 | D:1      | Reached XP level 2. HP: 10/20 MP: 4/4
   513 | D:1      | Found Doxossus's Jewellery Boutique.
   789 | D:1      | Reached skill level 1 in Shields
  1296 | D:1      | Reached skill level 4 in Fire Magic
  1557 | D:2      | Reached XP level 3. HP: 26/26 MP: 3/5
  1844 | D:2      | Learned a level 2 spell: Scorch
  2029 | D:2      | Slain by an adder

Illustrated notes

Levels and vault maps discovered:
D:1:      lightli_iron_boxes, layout_basic, serial_shops,
          nicolae_shop_hallway_plus
D:2:      layout_loops_cross, minmay_pentomino_pile

Skill      XL: |  1  2 |
---------------+-------+-----
Shields        | 1 |  1.0
Fire Magic     | 4 |  4.4
Dodging        | |  1.5
Stealth        | |  1.5
Spellcasting   | |  1.5
Conjurations   | |  1.9

Action                   || total
-------------------------++-------
Melee: Dagger            ||    86
 Cast: Foxfire           ||    30
       Scorch            ||     2
  Use: Potion            ||     1
 Stab: Sleeping          ||     1
Armor: Robe              ||    25
Dodge: Dodged            ||    68
Block: Buckler           ||    14
